 Dungeon Crawl Stone Soup version 0.30-a0-1123-gabc949cf19 (webtiles) character file.

Game seed: 11836856270552918185

9256 lorenzova the Thaumaturge (level 11, -16/54 HPs)
             Began as a Deep Elf Fire Elementalist on Apr 22, 2023.
             Was an Initiate of Vehumet.
             Killed from afar by a raiju (20 damage)
             ... with a living lightning
             ... on level 2 of the Abyss.
             The game lasted 00:48:04 (15972 turns).

lorenzova the Thaumaturge (DEFE)                   Turns: 15972, Time: 00:48:05

Health: -16/54     AC: 12    Str:  4    XL:     11   Next: 20%
Magic:  23/29      EV: 13    Int: 24    God:    Vehumet [......]
Gold:   406        SH:  0    Dex: 19    Spells: 16/34 levels left

rFire   + . .        x - +12 pair of quick blades "Gyre" and "Gimble" {protect}
rCold   . . .        (shield currently unavailable)
rNeg    . . .        a - +0 robe
rPois   +            (no helmet)
rElec   .            w - +2 cloak {rPois}
rCorr   .            (no gloves)
SInv    .            (no boots)
Will    +....        (no amulet)
Stlth   ++           (no ring)
HPRegen 0.00/turn    (no ring)
MPRegen 0.21/turn

%: no passive effects
@: under a protective aura, sick
A: agile 1, fire resistance 1, no potion heal 1, subdued magic 1
a: Renounce Religion


You were on level 2 of the Abyss.
You worshipped Vehumet.
Vehumet was noncommittal.
You visited 2 branches of the dungeon, and saw 11 of its levels.
You visited the Abyss 1 time.
You also visited: Sewer and Bailey.

You collected 553 gold pieces.
You spent 147 gold pieces at shops.

Inventory:

Hand Weapons
 c - a +1 dagger of draining
 n - a +1 short sword of venom
 v - a +3 quarterstaff of chaos
 x - the +12 pair of quick blades "Gyre" and "Gimble" (weapon) {protect}
   (You found it on level 4 of the Dungeon)
 H - the +9 dagger of Anguish {holy, rElec Will+ Stlth-}
   (You found it in a bailey)

   rElec:     It insulates you from electricity.
   Will:      It increases your willpower.
   Stlth:     It makes you less stealthy.
Armour
 a - a +0 robe (worn)
 w - a +2 cloak of poison resistance (worn)
Magical Staves
 I - the staff of poison "Qijuarch" {rPois rC- MP+9 Int+5 SInv}
   (You found it in a bailey)

   [staff of poison]

   Base accuracy: +5 Base damage: 5 Base attack delay: 1.2 This weapon's minimum
   attack delay (0.6) is reached at skill level 12.
   Int:       It affects your intelligence (+5).
   rC:        It makes you vulnerable to cold.
   rPois:     It protects you from poison.
   MP:        It affects your magic capacity (+9).
   SInv:      It lets you see invisible.
   It falls into the 'Staves' category.
   It is a one-handed weapon.
Wands
 h - a wand of mindburst (7)
 r - a wand of roots (13)
 J - a wand of paralysis (4)
Scrolls
 d - 5 scrolls of fear
 f - 2 scrolls of silence
 g - 3 scrolls of immolation
 m - 8 scrolls of teleportation
 p - a scroll of summoning {unknown}
 s - a scroll of brand weapon {unknown}
 t - 3 scrolls of fog
 y - a scroll of enchant armour {unknown}
 D - a scroll of poison {unknown}
 F - a scroll of magic mapping
 G - 3 scrolls of acquirement
 K - a scroll of vulnerability {unknown}
Potions
 b - a potion of might {unknown}
 e - 2 potions of berserk rage
 i - 7 potions of heal wounds
 j - a potion of haste
 k - 4 potions of curing
 l - 3 potions of brilliance
 o - 3 potions of mutation
 q - 2 potions of resistance {unknown}
 u - a potion of attraction {unknown}
 z - a potion of flight {unknown}
 A - 2 potions of ambrosia {unknown}
 B - 3 potions of cancellation {unknown}
 C - 3 potions of invisibility {unknown}
 E - a potion of degeneration {unknown}


   Skills:
 - Level 2.4 Dodging
 - Level 2.4 Stealth
 * Level 12.4 Spellcasting
 * Level 10.3 Conjurations
 + Level 5.7 Translocations
 + Level 7.9 Fire Magic
 + Level 6.4 Ice Magic
 + Level 5.2 Air Magic


You had 16 spell levels left.
You knew the following spells:

 Your Spells              Type           Power      Damage    Failure   Level
a - Foxfire               Conj/Fire      100%       2x1d9     1%          1
b - Freeze                Ice            100%       1d10      1%          1
c - Iskenderun's Mystic   Conj/Tloc      41%        2d9       1%          4
d - Hailstorm             Conj/Ice       42%        3d10      1%          3
f - Flame Wave            Conj/Fire      45%        2d12      1%          4
k - Swiftness             Air            30%        N/A       1%          3
z - Scorch                Fire           80%        2d8       1%          2

Your spell library contained the following spells:

 Spells                   Type           Power      Damage    Failure   Level
 Ensorcelled Hibernation  Hex/Ice        46%        N/A       1%          2
 Dazzling Flash           Conj/Hex       60%        N/A       1%          3
 Frozen Ramparts          Ice            70%        1d11      1%          3
 Inner Flame              Hex/Fire       26%        N/A       1%          3
 Volatile Blastmotes      Fire/Tloc      72%        2d16      1%          3
 Passwall                 Tmut/Erth      9%         N/A       4%          2
 Summon Lightning Spire   Summ/Air       21%        N/A       12%         4
 Starburst                Conj/Fire      22%        6d8       13%         6
 Animate Dead             Necr           11%        N/A       34%         4
 Simulacrum               Ice/Necr       11%        N/A       83%         6
 Ozocubu's Refrigeration  Ice            17%        4d11      92%         7
 Haunt                    Necr/Summ      5%         N/A       100%        7
 Storm Form               Tmut/Air       10%        N/A       100%        7
 Infestation              Necr           5%         N/A       100%        8
 Maxwell's Capacitive Co  Air            15%        ∞         100%        8
 Polar Vortex             Ice            17%        N/A       100%        9


Dungeon Overview and Level Annotations

Branches:
Dungeon (10/15)            Temple (1/1) D:6             Orc (0/2) D:9
  Sewer (visited)          Bailey (visited)
   Lair: D:8-11

Altars:
Ashenzari
Cheibriados
Dithmenos
Elyvilon
Fedhas
Gozag
Hepliaklqana
Kikubaaqudgha
Makhleb
Okawaru
Qazlal
Ru
Sif Muna
Trog
Uskayaw
Vehumet
Wu Jian
Xom
Yredelemnul
Zin
The Shining One

Shops:
D:3 *(*?

Annotations:
D:5 3 runed translucent doors, minbekrie's ghost, novice FoHu
D:10 Erolcha


Innate Abilities, Weirdness & Mutations

You are agile. (Dex +4, Str/Int -1)
Your flesh is heat resistant. (rF+)
Potions are less effective at restoring your health.
Your spells are a little easier to cast, but a little less powerful.


Message History

The raiju attacks as you move away! The raiju bites you but does no damage.
The raiju attacks as you move away! The raiju closely misses you.
The raiju bursts into living lightning!
The living lightning hits the raiju.
The raiju completely resists.
The living lightning hits you!
* * * LOW HITPOINT WARNING * * *
The raiju blinks! x2
Unknown command.
Casting: Foxfire (safe; 1% risk of failure)
Confirm with . or Enter, or press ? or * to list all spells.
Casting: Flame Wave (dangerous; 1% risk of failure)
Press: ? - help, Dir - look around, f - activate A wave of flame ripples out!
The flame wave engulfs the raiju.
The raiju is lightly wounded. (Press . to intensify the flame waves.)
You hear a bark!
The raiju bites you but does no damage.
There are no items here.
A wave of flame ripples out!
The flame wave engulfs the raiju!
The raiju is heavily wounded.
The flame wave engulfs the raiju!
The raiju is severely wounded.
The raiju bites you.
* * * LOW HITPOINT WARNING * * *
The raiju shocks you!
* * * LOW HITPOINT WARNING * * *
The raiju bites you but does no damage.
Unknown command.
A wave of flame ripples out!
The flame wave engulfs the raiju!
The raiju is heavily wounded.
The flame wave engulfs the raiju.
The raiju is almost dead.
You finish channelling waves of flame.
The raiju completely misses you. x2
Unknown command.
You hit the raiju but do no damage.
Your weapon exudes an aura of protection.
You miss the raiju.
The raiju bursts into living lightning!
The living lightning hits you!!
You die...

...# #..# # #. # ##
# . ... ..# .#
#######.####### #.
#.###...h..........
#. #......@h.∩...#
#..#####.#####...#
# ........# #...#
#....##.# # #...# #
.###### #...# #...
# #..#. # ###
#.###. # ### #. #.
###


You could see 2 raiju.

Vanquished Creatures
  A tentacled starspawn (Abyss:2)
  2 two-headed ogres
  An orc knight (Bailey)
  Pikel (D:6)
  A manticore (D:7)
  Maurice (D:8)
  An ancient zyme (Abyss:2)
  A troll (D:9)
  Grinder (D:5)
  A small abomination (Abyss:2)
  Sigmund (D:5)
  A wyvern (D:4)
  A wraith (D:9)
  Eustachio (D:4)
  2 steam dragons
  Duvessa (D:6)
  2 water moccasins
  An ice beast (D:8)
  6 orc warriors
  The ghost of alfthe the Covered, an amateur HOFi (D:4)
  2 ogres
  A kobold brigand (D:9)
  2 lemures (D:6)
  4 gnoll sergeants
  Blork the orc (D:6)
  A scorpion (D:5)
  3 bullfrogs
  Dowan (D:6)
  5 howler monkeys
  A crimson imp (D:5)
  5 hounds
  3 jellies
  Crazy Yiuf (D:4)
  8 orc priests
  2 gnoll boudas
  5 iguanas
  A sleepcap (D:7)
  Terence (D:3)
  Ijyb (D:3)
  9 orc wizards
  28 gnolls
  4 adders
  2 river rats
  A white imp (D:6)
  2 worms
  55 orcs
  14 bats
  9 endoplasms
  A giant cockroach (D:1)
  22 goblins
  10 hobgoblins
  4 jackals (D:1)
  30 kobolds
  7 quokkas
  13 ball pythons
  5 frilled lizards
  2 goblin zombies (D:5)
  3 hobgoblin zombies (D:5)
  3 kobold skeletons (D:5)
  2 kobold zombies (D:5)
  An orc skeleton (D:5)
  11 rats
  A starspawn tentacle (Abyss:2)
315 creatures vanquished.

Vanquished Creatures (others)
  316 foxfires
  5 plants
  4 starspawn tentacles (Abyss:2)
  A withered plant (D:2)
326 creatures vanquished.

Grand Total: 641 creatures vanquished

Notes
Turn   | Place    | Note
-------+----------+-------------------------------------------
     0 | D:1      | lorenzova the Deep Elf Fire Elementalist began the quest
                  | for the Orb.
     0 | D:1      | Reached XP level 1. HP: 10/10 MP: 6/6
   248 | D:1      | Reached XP level 2. HP: 15/15 MP: 6/8
   251 | D:1      | Learned a level 2 spell: Scorch
   775 | D:1      | Reached XP level 3. HP: 19/19 MP: 5/10
  1225 | D:1      | Reached skill level 4 in Spellcasting
  1790 | D:2      | Found a faded altar of an unknown god.
  1812 | D:2      | Reached XP level 4. HP: 24/24 MP: 7/12
  2503 | D:3      | Found Othro's Magic Scroll Emporium.
  2508 | D:3      | Bought a scroll of teleportation for 42 gold pieces
  2576 | D:3      | Found Caley's Weapon Emporium.
  2630 | D:3      | Found Inu Neore's Assorted Antiques.
  2657 | D:3      | Noticed Ijyb
  2780 | D:3      | Killed Ijyb
  2998 | D:3      | Found Japnirurph's Assorted Antiques.
  3036 | D:3      | Reached skill level 5 in Spellcasting
  3036 | D:3      | Reached XP level 5. HP: 28/28 MP: 10/14
  3137 | D:3      | Noticed Terence
  3155 | D:3      | Killed Terence
  3960 | D:3      | Learned a level 1 spell: Freeze
  3996 | D:4      | Reached skill level 1 in Ice Magic
  3996 | D:4      | Reached XP level 6. HP: 10/32 MP: 2/16
  4206 | D:4      | Found a runed translucent door.
  4206 | D:4      | Found the +12 pair of quick blades "Gyre" and "Gimble"
                  | {protect}
  4207 | D:4      | Noticed alfthe's ghost (amateur HOFi)
  4207 | D:4      | Noticed a wyvern
  4332 | D:4      | Noticed Eustachio
  4932 | D:4      | Found a shimmering blue altar of Sif Muna.
  4932 | D:4      | Found a sacrificial altar of Ru.
  4935 | D:4      | Found a broken altar of Ashenzari.
  5039 | D:4      | Reached skill level 6 in Spellcasting
  5103 | D:4      | Killed Eustachio
  5104 | D:4      | Reached skill level 5 in Conjurations
  5104 | D:4      | Reached XP level 7. HP: 28/36 MP: 1/18
  5405 | D:4      | Found a runed translucent door.
  5406 | D:4      | Noticed Crazy Yiuf
  5411 | D:4      | Killed Crazy Yiuf
  5626 | D:4      | Killed a wyvern
  5627 | D:4      | Reached skill level 7 in Spellcasting
  5627 | D:4      | Reached skill level 5 in Fire Magic
  5664 | D:4      | Learned a level 3 spell: Hailstorm
  5669 | D:4      | Learned a level 4 spell: Flame Wave
  5673 | D:4      | Learned a level 3 spell: Swiftness
  5678 | D:4      | Learned a level 4 spell: Iskenderun's Mystic Blast
  5733 | D:4      | HP: 1/36 [alfthe's ghost (9)]
  6016 | D:5      | Entered Level 5 of the Dungeon
  6129 | D:5      | Noticed Grinder
  6137 | D:5      | Killed Grinder
  6138 | D:5      | Reached skill level 1 in Translocations
  6138 | D:5      | Reached XP level 8. HP: 24/41 MP: 12/21
  6171 | D:5      | Reached skill level 1 in Air Magic
  6340 | D:5      | Noticed Sigmund
  6354 | D:5      | Killed Sigmund
  6355 | D:5      | Reached skill level 8 in Spellcasting
  6416 | D:5      | Found a glowing drain.
  6424 | Sewer    | Entered a sewer
  6850 | D:5      | Found a white marble altar of Elyvilon.
  6946 | D:5      | Found a runed translucent gate.
  6972 | D:5      | Found a runed translucent gate.
  6972 | D:5      | Found a runed translucent gate.
  6976 | D:5      | Noticed minbekrie's ghost (novice FoHu)
  7209 | D:5      | Found a glowing golden altar of the Shining One.
  7676 | D:4      | Killed alfthe's ghost
  7906 | D:3      | Bought a scroll of magic mapping for 105 gold pieces
  8081 | D:6      | Noticed Dowan
  8082 | D:6      | Noticed Duvessa
  8116 | D:6      | Killed Duvessa
  8118 | D:6      | Killed Dowan
  8177 | D:6      | Noticed Blork the orc
  8198 | D:6      | Killed Blork the orc
  8329 | D:6      | Found a staircase to the Ecumenical Temple.
  8387 | Temple   | Entered the Ecumenical Temple
  8733 | D:6      | Reached skill level 9 in Spellcasting
  8946 | D:6      | Reached XP level 9. HP: 45/45 MP: 19/24
  9028 | D:6      | Noticed Pikel
  9049 | D:6      | Killed Pikel
  9265 | D:6      | Found a bloodstained altar of Trog.
  9950 | D:7      | Reached skill level 10 in Spellcasting
 10573 | D:7      | Noticed a manticore
 10580 | D:7      | Killed a manticore
 10581 | D:7      | Reached skill level 5 in Ice Magic
 10707 | D:7      | Reached XP level 10. HP: 50/50 MP: 13/26
 11092 | D:7      | Gained mutation: Potions are less effective at restoring
                  | your health. [potion of mutation]
 11092 | D:7      | Gained mutation: Your flesh is heat resistant. (rF+)
                  | [potion of mutation]
 11092 | D:7      | Gained mutation: Your spells are a little easier to cast,
                  | but a little less powerful. [potion of mutation]
 11092 | D:7      | Gained mutation: You are agile. (Dex +4, Str/Int -1)
                  | [potion of mutation]
 11164 | D:8      | Noticed Maurice
 11186 | D:8      | Killed Maurice
 11451 | D:8      | Noticed a two-headed ogre
 11459 | D:8      | Killed a two-headed ogre
 11460 | D:8      | Reached skill level 11 in Spellcasting
 12127 | D:8      | Found a glowing silver altar of Zin.
 12420 | D:9      | Found a staircase to the Orcish Mines.
 12535 | D:9      | Found a flagged portal.
 12582 | D:9      | Reached skill level 5 in Translocations
 12701 | Bailey   | Entered a bailey
 12750 | Bailey   | Noticed an orc warlord
 12844 | Bailey   | Noticed an orc knight
 12886 | Bailey   | Killed an orc knight
 14402 | Bailey   | Found a runed translucent gate.
 14403 | Bailey   | Found a runed translucent gate.
 14404 | Bailey   | Found a runed translucent gate.
 14610 | Bailey   | Identified the +9 dagger of Anguish {holy, rElec Will+
                  | Stlth-}
 14620 | Bailey   | Identified the staff of poison "Qijuarch" {rPois rC- MP+9
                  | Int+5 SInv}
 14997 | D:9      | Found a radiant altar of Vehumet.
 15074 | D:9      | Became a worshipper of Vehumet
 15559 | D:10     | Entered Level 10 of the Dungeon
 15609 | D:10     | Noticed a two-headed ogre
 15619 | D:10     | Killed a two-headed ogre
 15620 | D:10     | Reached skill level 12 in Spellcasting
 15620 | D:10     | Reached skill level 10 in Conjurations
 15620 | D:10     | Reached XP level 11. HP: 54/54 MP: 22/29
 15786 | D:10     | Noticed Erolcha
 15790 | Abyss:2  | Cast into level 2 of the Abyss (Erolcha)
 15808 | Abyss:2  | Noticed a tentacled starspawn
 15837 | Abyss:2  | Killed a tentacled starspawn
 15838 | Abyss:2  | Reached skill level 5 in Air Magic
 15854 | Abyss:2  | Noticed a spatial maelstrom
 15972 | Abyss:2  | Killed from afar by a raiju

Illustrated notes

Levels and vault maps discovered:
D:1:      lightli_arrival_noodles, layout_loops_ring, minmay_quantized
D:2:      layout_basic, shapermc_ecumenical_altar_gd, minmay_pentomino_q4
D:3:      minmay_chambers_of_twos, layout_loops_ring, serial_shops, shop, shop,
          shop, nicolae_shop_waterfront, st_stairs_7, minmay_starry_boxes,
          uniq_terence, uniq_ijyb
D:4:      layout_rooms, minitemple, ebering_ghost_inner_flame, uniq_eustachio,
          uniq_crazy_yiuf_cottage
D:5:      layout_layer_cave, nicolae_tso_besieged_by_evil, elyvilon_altar_4,
          gammafunk_ghost_necromancy, portal_sewer_entry_e, uniq_sigmund,
          uniq_grinder
D:6:      layout_loops_cross, bloody_trog, minmay_temple_entry_nine_rooms,
          grunt_ministairs_15, roderic_lattice_a, uniq_pikel,
          uniq_blork_the_orc, uniq_duvessa
D:7:      layout_basic, dreamdust_princess_bridge
D:8:      layout_basic, zin_statuary, uniq_maurice
D:9:      layout_loops_ring, mainiacjoe_overflow_alcove_4, hiddenorc2_lemuel,
          enter_bailey_5
D:10:     layout_basic, mainiacjoe_overflow_brackets, uniq_erica, uniq_erolcha
Temple:   nicolae_temple_bog_church
Abyss:2:  base:
D:3

Skill      XL: |  1  2  3  4  5  6  7  8  9 10 11 |
---------------+----------------------------------+-----
Conjurations   | 2 3 4 5 6 7 8 10 | 10.3
Spellcasting   | 4 5 6 7 9 10 12 | 12.4
Fire Magic     | 4 5 6 7 |  7.9
Ice Magic      | 1 2 4 5 6 |  6.4
Translocations | 1 2 4 5 |  5.7
Air Magic      | 2 3 4 5 |  5.2
Dodging        | |  2.4
Stealth        | |  2.4

Action                     |  1- 3 |  4- 6 |  7- 9 | 10-12 || total
---------------------------+-------+-------+-------+-------++-------
  Melee: Unarmed           |     4 |       |       |       ||     4
         Dagger            |       |     1 |       |       ||     1
         Pair of quick bla |       |       |    85 |    73 ||   158
         Staff             |       |       |       |     2 ||     2
   Cast: Foxfire           |    57 |    58 |    48 |    45 ||   208
         Scorch            |    18 |    50 |    76 |    39 ||   183
         Hailstorm         |       |       |    16 |    16 ||    32
         Flame Wave        |       |       |    11 |    11 ||    22
         Freeze            |       |       |     2 |       ||     2
         Swiftness         |       |       |     1 |     2 ||     3
         Iskenderun's Myst |       |       |     3 |    33 ||    36
    Use: Scroll            |       |     7 |     3 |     4 ||    14
         Potion            |       |       |     1 |     4 ||     5
   Stab: Sleeping          |       |       |     1 |       ||     1
 Armour: Robe              |     3 |     3 |    21 |    24 ||    51
  Dodge: Dodged            |    15 |    15 |    64 |    60 ||   154

Table legend: (Time is in decaauts)
 A = Elapsed time spent in this place.
 B = Non-inter-level travel time spent in this place.
 C = Inter-level travel time spent in this place.
 D = Time resting spent in this place.
 E = Time spent auto-exploring this place.
 F = Levels seen in this place.
 G = Mean time per level.
                   A        B        C        D        E       F      G
               +--------+--------+--------+--------+--------+-----+--------+
         Total |  15971 |  15347 |    624 |   5763 |   6593 |  14 | 1140.8 |
       Dungeon |  13147 |  12547 |    600 |   4133 |   6267 |  10 | 1314.7 |
        Temple |    254 |    230 |     24 |      0 |    216 |   1 |  254.0 |
         Abyss |    174 |    174 |      0 |     75 |      0 |   1 |  174.0 |
         Sewer |    463 |    463 |      0 |    125 |    110 |   1 |  463.0 |
        Bailey |   1932 |   1932 |      0 |   1430 |      0 |   1 | 1932.0 |
               +--------+--------+--------+--------+--------+-----+--------+

Top non-repeatable levels by time:
     D:3: 2115 daAuts
  Bailey: 1932 daAuts
     D:4: 1816 daAuts
     D:1: 1669 daAuts
     D:7: 1522 daAuts
     D:6: 1371 daAuts
     D:5: 1307 daAuts
     D:9: 1275 daAuts
     D:8: 1199 daAuts
     D:2: 640 daAuts
   Sewer: 463 daAuts
  Temple: 254 daAuts
    D:10: 230 daAuts
 Abyss:2: 174 daAuts
